Map: Ruins of Seras

Players

Nerdrrage - Winner!

  • Race: Protoss Protoss
  • League: Master

Grumm

  • Race: Protoss Protoss
  • League: Gold

VOD

Have the link to the VOD?

Description

Time

  • Played on: Jan. 15, 2016, 2:35 a.m.
  • Length: 6:33
Show
View Real Time Build Order
Export as new Build Order

Nerdrrage Protoss - Winner!

Build Orders:  

Get SALT Encoding   

  12  0:01  Probe (Chrono Boost)  
  13  0:11  Probe (Chrono Boost)  
  14  0:19  Pylon  
  14  0:23  Probe (Chrono Boost)  
  15  0:37  Probe (Chrono Boost)  
  15  0:38  Gateway  
  16  0:46  Assimilator  
  16  0:48  Probe (Chrono Boost)  
  17  0:53  Assimilator  
  17  0:58  Probe (Chrono Boost)  
  18  1:09  Probe (Chrono Boost)  
  19  1:11  Pylon  
  19  1:19  Probe (Chrono Boost)  
  20  1:29  Cybernetics Core  
  20  1:30  Probe (Chrono Boost)  
  21  1:40  Probe (Chrono Boost)  
  21  1:45  Assimilator  
  22  1:51  Probe (Chrono Boost)  
  23  2:06  Mothership Core (Chrono Boost), Warp Gate (Chrono Boost)  
  25  2:22  Stargate, Pylon  
  25  2:23  Pylon  
  25  2:28  Pylon  
  27  2:37  Adept  
  27  2:44  Pylon  
  27  3:00  Probe (Chrono Boost)  
  28  3:16  Void Ray (Chrono Boost)  
  32  3:33  Nexus  
  32  3:54  Void Ray (Chrono Boost)  
  35  3:57  Probe  
  35  4:02  Gateway  
  36  4:09  Probe  
  37  4:25  Probe  
  37  4:26  Gateway  
  37  4:29  Gateway  
  38  4:35  Stalker  
  40  4:43  Probe (Chrono Boost)  
  41  4:47  Phoenix  
  43  4:56  Probe x2 (Chrono Boost)  
  45  5:06  Probe x2 (Chrono Boost)  
  47  5:08  Stalker  
  49  5:23  Stalker  
  49  5:27  Void Ray (Chrono Boost)  
  55  5:33  Probe  
  56  5:40  Stalker x2  
  58  5:54  Stalker x2  
  62  6:05  Phoenix (Chrono Boost)  
  58  6:22  Stalker x2  
  58  6:23  Stalker x2  
Show
View Real Time Build Order
Export as new Build Order

Grumm Protoss 

Build Orders: 1 Gate Expand 

Get SALT Encoding   

  12  0:01  Probe (Chrono Boost)  
  13  0:12  Probe (Chrono Boost)  
  14  0:19  Pylon  
  14  0:23  Probe (Chrono Boost)  
  15  0:37  Probe (Chrono Boost)  
  15  0:41  Gateway  
  16  0:47  Probe (Chrono Boost)  
  17  0:51  Assimilator  
  17  1:03  Probe (Chrono Boost)  
  18  1:24  Nexus  
  18  1:26  Probe (Chrono Boost)  
  19  1:36  Probe (Chrono Boost)  
  20  1:44  Cybernetics Core  
  20  1:47  Probe (Chrono Boost)  
  21  2:01  Pylon  
  21  2:04  Probe (Chrono Boost)  
  22  2:16  Pylon  
  22  2:21  Stalker (Chrono Boost)  
  24  2:24  Mothership Core  
  26  2:43  Warp Gate (Chrono Boost)  
  26  2:45  Probe  
  25  2:59  Probe  
  25  3:00  Assimilator, Stalker  
  21  3:27  Mothership Core  
  21  3:28  Assimilator  
  21  3:29  Pylon  
  20  3:34  Gateway  
  20  3:38  Forge  
  20  3:42  Zealot  
  20  4:09  Stalker  
  22  4:20  Photon Cannon  
  22  4:30  Stalker  
  24  4:35  Pylon  
  24  4:47  Probe  
  25  4:53  Pylon  
  24  5:33  Probe  
  23  5:57  Zealot  
  25  5:59  Cybernetics Core  
  25  6:02  Gateway  
  21  6:22  Zealot  
  20  6:26  Pylon  
Tags
 
Add a new tag
Caveats
  • Supply blocks, unpowered buildings, or Contaminate may cause inaccurate times.
  • Supply counts are checked every 10 seconds.